cohdb
Replays
Latest Replays
All Replays
Popular Replays
Top Player Replays
Match Explorer
How It Works
Community
CoH3 Stats
Reddit
Sign in to upload your games and track your stats! →
Sign in with Steam
Match 45253856
Unlisted
Match 45253856
Overview
Messages
Build Orders
End
Vickers Machine Gun Team
Construct Section Command Post
Infantry Section
Infantry Section
Infantry Section
Construct Field Infirmary
Construct Platoon Command Post
Construct Company Command Post
Selects Air and Sea Battlegroup
Selects Commando Section Paradrop
Selects Commando Support Section Paradrop
Matilda II Heavy Tank
Grenade Package
Armored Vehicle Training
Selects Naval Blockade
Selects UNKNOWN (223837)
Centaur IV Medium Tank
6-pounder Anti-tank Gun Team
GoLdenCoBRaaa
星际喵喵
Herr Blautier
EPHX_Valkyrion
0
0
Comments
sign in to comment!
No comments posted yet!